 Dungeon Crawl Stone Soup version 0.30-a0-40-gc6d0f036a7 (webtiles) character file.

Game seed: 2146941002413206846

131947 nickcage the Bludgeoner (level 16, -5/157 HPs)
             Began as a Minotaur Gladiator on Aug 25, 2022.
             Was a High Priest of Wu Jian.
             Killed from afar by a deep elf zephyrmancer (34 damage)
             ... with a bolt of lightning
             ... on level 1 of the Elven Halls on Aug 29, 2022.
             The game lasted 01:25:20 (24853 turns).

nickcage the Bludgeoner (Minotaur Gladiator)       Turns: 24853, Time: 01:25:20

Health: -5/157     AC: 36    Str: 25    XL:     16   Next: 56%
Magic:  15/15      EV: 17    Int:  9    God:    Wu Jian [*****.]
Gold:   1991       SH: 18    Dex: 12    Spells: 15/15 levels left

rFire   . . .      SeeInvis .    Q - +11 demon whip "nickcage's Regret" {drain, Int+4}
rCold   . . .      Faith    .    a - +0 kite shield
rNeg    . . .      Spirit   .    E - +18 Lear's hauberk
rPois   .          Reflect  +    (helmet currently unavailable)
rElec   .          Harm     .    A - +2 cloak {rCorr}
rCorr   +          Rampage  .    (gloves currently unavailable)
Will    +....                    (boots currently unavailable)
Stlth   ..........               x - amulet of reflection
HPRegen 0.36/turn                i - +4 ring of evasion
MPRegen 0.14/turn                L - +4 ring of evasion

@: no status effects
A: horns 2, retaliatory headbutt, clumsy 1
a: Renounce Religion, Wall Jump, Serpent's Lash, Heavenly Storm


You were on level 1 of the Elven Halls.
You worshipped Wu Jian.
Wu Jian was extremely pleased with you.
You visited 5 branches of the dungeon, and saw 22 of its levels.
You visited the Abyss 1 time.
You also visited: Desolation.

You collected 2182 gold pieces.
You spent 117 gold pieces at shops.
You donated 74 gold pieces to Zin.

Inventory:

Hand Weapons
 p - a +5 morningstar of venom
 Q - the +11 demon whip "nickcage's Regret" (weapon) {drain, Int+4}
   (You found it on level 8 of the Dungeon)

   A truly terrible weapon, it drains the life of any living foe it strikes.
   Int:       It affects your intelligence (+4).
 U - a +2 dire flail of protection
Missiles
 O - 9 poisoned darts (quivered)
 W - 5 curare-tipped darts
Armour
 a - a +0 kite shield (worn)
 b - the +1 cloak of Starlight {*Dazzle EV+4 Stlth--}
   (You found it in the Desolation of Salt)

   It may blind those who miss an attack against the wearer in melee combat.
   EV:        It affects your evasion (+4).
   Stlth:     It makes you much less stealthy.
 k - the +0 mask of the Dragon {Will+ Slay+3 SInv}
   (You found it on level 11 of the Dungeon)

   Slay:      It affects your accuracy & damage with ranged weapons and melee
   (+3).
   SInv:      It lets you see invisible.
   Will:      It increases your willpower.
 t - the +6 scale mail of Idat {Will+ Int+2 Slay+2}
   (You found it on level 3 of the Dungeon)

   Int:       It affects your intelligence (+2).
   Slay:      It affects your accuracy & damage with ranged weapons and melee
   (+2).
   Will:      It increases your willpower.
 A - a +2 cloak of preservation (worn)
 E - the +18 Lear's hauberk (worn)
   (You took it off an orc on level 5 of the Dungeon)
 N - a +2 plate armour of cold resistance
Jewellery
 d - the ring "Xoefe" {rPois rF- rC+ AC+4 Str+2}
   (You found it in the Desolation of Salt)

   [ring of protection]

   AC:        It affects your AC (+4).
   Str:       It affects your strength (+2).
   rF:        It makes you vulnerable to fire.
   rC:        It protects you from cold.
   rPois:     It protects you from poison.
 i - a +4 ring of evasion (left hand)
 w - the ring "Wece" {rF+ rC+ MP+9 Int-5}
   (You found it in the Desolation of Salt)

   [ring of magical power]

   Int:       It affects your intelligence (-5).
   rF:        It protects you from fire.
   rC:        It protects you from cold.
   MP:        It affects your magic capacity (+9).
 x - an amulet of reflection (around neck)
 C - the amulet "Deoc" {Acrobat rN+ Str+4}
   (You found it on level 11 of the Dungeon)

   [amulet of the acrobat]

   It increases your evasion while moving and waiting.
   Str:       It affects your strength (+4).
   rN:        It protects you from negative energy.
 L - a +4 ring of evasion (right hand)
 S - an amulet of regeneration
 Z - a ring of poison resistance
Wands
 e - a wand of light (2)
 z - a wand of iceblast (16)
 D - a wand of flame (23)
 M - a wand of charming (9)
 X - a wand of polymorph (8)
Scrolls
 c - 2 scrolls of fog
 g - 2 scrolls of enchant armour
 h - 5 scrolls of identify
 j - 2 scrolls of blinking
 n - 2 scrolls of summoning
 r - 4 scrolls of enchant weapon
 s - a scroll of fear
 v - 2 scrolls of brand weapon
 H - 2 scrolls of teleportation
 K - 4 scrolls of magic mapping
Potions
 f - 9 potions of heal wounds
 l - 7 potions of might
 m - 2 potions of lignification
 o - 2 potions of brilliance
 q - 2 potions of berserk rage
 B - 3 potions of haste
 G - 10 potions of curing
 I - 11 potions of mutation
 R - 2 potions of magic
 V - 3 potions of flight
 Y - a potion of cancellation
Miscellaneous
 u - a piece from Xom's chessboard (15/15)


   Skills:
 + Level 18.1 Fighting
 + Level 20.3 Maces & Flails
 - Level 2.0 Throwing
 * Level 17.2 Armour
 - Level 3.2 Dodging
 * Level 16.4 Shields
 * Level 2.1 Evocations


You had 15 spell levels left.
You didn't know any spells.
Your spell library contained the following spells:

 Spells                   Type           Power      Damage    Failure   Level
 Sting                    Tmut/Pois      0%         1d3       94%         1
 Blink                    Tloc           0%         N/A       98%         2
 Poisonous Vapours        Pois/Air       0%         N/A       98%         2
 Scorch                   Fire           0%         2d5       98%         2
 Static Discharge         Conj/Air       0%         3-3/arc   98%         2
 Sublimation of Blood     Necr           0%         N/A       98%         2
 Dazzling Flash           Conj/Hex       0%         N/A       100%        3
 Lesser Beckoning         Tloc           0%         N/A       100%        3
 Portal Projectile        Hex/Tloc       0%         N/A       100%        3
 Stone Arrow              Conj/Erth      0%         3d7       100%        3
 Tukima's Dance           Hex            0%         N/A       100%        3
 Animate Armour           Summ/Erth      0%         N/A       100%        4
 Dispel Undead            Necr           0%         3d6       100%        4
 Flame Wave               Conj/Fire      0%         2d4       100%        4
 Fulminant Prism          Conj/Hex       0%         3d6       100%        4
 Iskenderun's Mystic Bla  Conj/Tloc      0%         2d3       100%        4
 Olgreb's Toxic Radiance  Pois           0%         N/A       100%        4
 Passage of Golubria      Tloc           0%         N/A       100%        4
 Petrify                  Tmut/Erth      0%         N/A       100%        4
 Sticky Flame             Conj/Fire      0%         2d3       100%        4
 Blade Hands              Tmut           0%         N/A       100%        5
 Irradiate                Conj/Tmut      0%         3d11      100%        5
 Lee's Rapid Deconstruct  Erth           0%         3d5*      100%        5
 Manifold Assault         Tloc           0%         N/A       100%        5
 Summon Forest            Summ/Tloc      0%         N/A       100%        5
 Yara's Violent Unravell  Hex/Tmut       0%         3d3       100%        5
 Starburst                Conj/Fire      0%         6d3       100%        6
 Summon Cactus Giant      Summ           0%         N/A       100%        6
 Dragon Form              Tmut           0%         N/A       100%        7
 Lehudib's Crystal Spear  Conj/Erth      0%         10d2      100%        8


Dungeon Overview and Level Annotations

Branches:
Dungeon (13/15)            Temple (1/1) D:7            Lair (5/5) D:11
  Swamp (0/4) Lair:3       Spider (0/4) Lair:2        Slime (0/5) Lair:5
    Orc (2/2) D:11            Elf (1/3) Orc:2       Desolation (visited)
 Vaults: D:13-14

Altars:
Ashenzari
Cheibriados
Dithmenos
Elyvilon
Fedhas
Hepliaklqana
Kikubaaqudgha
Makhleb
Nemelex Xobeh
Okawaru
Qazlal
Ru
Sif Muna
Trog
Uskayaw
Vehumet
Wu Jian
Xom
Zin
The Shining One

Shops:
D:7 :   D:11 :   Orc:2 :[![

Annotations:
D:9 1 runed translucent door, QueenGhuleh's ghost, novice MiBe
D:10 2 runed translucent doors
D:11 1 runed translucent door
Lair:5 1 runed translucent door
Elf:1 Nikola


Innate Abilities, Weirdness & Mutations

You have a pair of horns on your head.
You reflexively headbutt those who attack you in melee.
You are clumsy. (Dex -2)


Message History

The deep elf sorcerer gestures at you while chanting.
The bolt of acid hits you!! You resist.
* * * LOW HITPOINT WARNING * * *
The deep elf pyromancer casts a spell.
The deep elf pyromancer blinks!
You whack the deep elf sorcerer!
You kill the deep elf sorcerer!
The Council accepts your kill.
Nikola the Mad Inventor comes into view.
He is wielding a +1 rapier of electrocution.
Nikola shouts!
You hear a shout!
Nikola casts a spell.
Lightning arcs from Nikola's hands!
A bolt of lightning appears from out of your range of vision.
The bolt of lightning hits Nikola.
The Council accepts your kill.
You feel a bit more experienced.
The deep elf pyromancer casts a spell at you.
The sticky flame hits you but does no damage.
You are covered in liquid flames!
As you read the scroll of teleportation, it crumbles to dust.
You feel strangely unstable.
You are covered in liquid flames!
* * * LOW HITPOINT WARNING * * *
You are no longer on fire.
The deep elf pyromancer zaps a wand.
The mass of ice explodes!
The iceblast engulfs you but does no damage.
The deep elf pyromancer attacks as you move away!
The deep elf pyromancer hits you but does no damage.
Your surroundings suddenly seem different.
A deep elf pyromancer, 4 orcs and 2 deep elf zephyrmancers come into view.
An orc is wielding a +0 club and quivering curare-tipped darts.
The deep elf pyromancer shouts!
The orc priest shouts!
The orc warrior shouts!
The orc shouts!
The orc warrior shouts!
The deep elf zephyrmancer shouts!
A deep elf zephyrmancer comes into view.
It is wielding a +0 rapier.
Blink to where?
Press: ? - help, Dir - move target
As you read the scroll of blinking, it crumbles to dust.
The deep elf zephyrmancer casts a spell at you.
The bolt of lightning misses you. The bolt of lightning hits you!!
You die...

####### ......# ....#.# ......##
#########***#
.......#########........,,.##****
................@####****#..,,,,,
#...>.........#......######******
...........>.............###
...##...........e.....e....#
##.##.#######.........ยง..#,*
##.##.# #.....e......#.# ##.##.#
#.........o..#.# .#....#
#........ooo.#.# .####.#
*,,..........#.#*****


You could see a deep elf pyromancer, 2 deep elf zephyrmancers, 2 orc warriors,
an orc priest and an orc.

Vanquished Creatures
  Jorgrun (D:13)
  A tentacled starspawn (Abyss:3)
  A deep elf sorcerer (Elf:1)
  3 imperial myrmidons (Desolation)
  An angel (Abyss:3)
  A lorocyproca (Abyss:3)
  2 dire elephants (Lair:5)
  3 halazid warlocks (Desolation)
  A blizzard demon (Abyss:3)
  A crystal guardian (Desolation)
  5 ragged hierophants (Desolation)
  Josephine (Lair:3)
  Fannar (Lair:3)
  10 peacekeepers
  6 servants of whispers (Desolation)
  4 boulder beetles
  12 hydras
  A caustic shrike simulacrum (Abyss:3)
  A tengu warrior (D:9)
  2 centaur warriors (D:13)
  A dancing weapon (Abyss:3)
  2 two-headed ogres
  3 death yaks (Lair:5)
  5 thrashing horrors (Abyss:3)
  3 orc high priests (Orc:2)
  A spectral anaconda (Lair:5)
  A spatial maelstrom (Abyss:3)
  2 skeletal warriors (D:11)
  2 large abominations (Abyss:3)
  An obsidian statue (Lair:5)
  6 deep elf archers (Elf:1)
  Pikel (D:4)
  A lindwurm (Lair:2)
  9 deep elf pyromancers (Elf:1)
  2 ironbound convokers (Desolation)
  4 necromancers (Lair:5)
  9 orc knights
  8 deep elf zephyrmancers (Elf:1)
  6 orc sorcerers
  3 ugly things
  A manticore (D:11)
  3 cyclopes
  A will-o-the-wisp (Abyss:3)
  A dire elephant zombie (Lair:5)
  6 elephants (Lair:5)
  4 guardian serpents (Desolation)
  3 black mambas
  A molten gargoyle (Desolation)
  A torpor snail (Lair:5)
  A gargoyle (D:12)
  15 cane toads
  7 komodo dragons
  3 rime drakes
  A kobold demonologist (D:9)
  2 dire elephant skeletons (Lair:5)
  A tormentor (Abyss:3)
  7 trolls
  A polar bear (Lair:3)
  Grinder (D:5)
  26 blink frogs
  Prince Ribbit (D:5)
  A harpy skeleton (Abyss:3)
  2 tyrant leeches (Lair:3)
  51 saltlings
  2 spectral elephants (Lair:5)
  2 slime creatures (D:12)
  6 dream sheep (Lair:5)
  2 hornets
  A shadow (D:10)
  5 wraiths
  An air elemental (Elf:1)
  A ynoxinul (Abyss:3)
  A water elemental (Elf:1)
  3 wyverns
  A vampire (D:11)
  3 basilisks
  2 neqoxecs (Abyss:3)
  64 yaks
  4 steam dragons
  13 vampire mosquitoes
  Menkaure (D:4)
  A redback (Lair:2)
  A chaos spawn (Abyss:3)
  A spatial vortex (Abyss:3)
  2 spectral cane toads (Lair:5)
  3 swamp worms (Lair:3)
  2 death yak simulacra (Lair:5)
  8 wargs
  4 acid dragons
  12 water moccasins
  2 ice beasts
  33 orc warriors
  2 sky beasts (D:7)
  2 elephant zombies (Lair:5)
  2 black bears
  4 ogres
  5 wolves (Lair:4)
  4 centaurs
  2 lemures
  2 elephant skeletons (Lair:5)
  4 phantoms
  2 kobold brigands
  Blork the orc (D:5)
  A small abomination (Abyss:3)
  13 bullfrogs
  A cane toad simulacrum (Lair:5)
  6 wights (D:8)
  4 killer bees (D:9)
  An electric eel (Lair:4)
  2 howler monkeys
  A lava snake (Orc:1)
  A hound (D:5)
  Crazy Yiuf (D:4)
  A gnoll bouda (Orc:1)
  17 orc priests
  3 jellies
  Terence (D:3)
  An iguana (D:6)
  Natasha (thrice) (D:4)
  25 orc wizards
  Robin (D:4)
  3 gnolls (Orc:1)
  3 adders
  A shadow imp (D:7)
  2 white imps
  An ufetubus (D:6)
  A worm (D:5)
  4 dart slugs
  71 orcs
  7 ball pythons
  5 bats
  4 endoplasms
  3 giant cockroaches
  11 goblins
  10 hobgoblins
  3 jackals (D:1)
  13 kobolds
  3 quokkas
  4 frilled lizards
  2 rats
714 creatures vanquished.

Vanquished Creatures (others)
  A deep elf zephyrmancer (Elf:1)
  A deep elf pyromancer (Elf:1)
  An orc priest (Orc:2)
  An orc wizard (Orc:2)
  An orc (D:11)
  30 fungi
  56 plants
  2 starspawn tentacles (Abyss:3)
  11 withered plants (Lair:5)
104 creatures vanquished.

Grand Total: 818 creatures vanquished

Notes
Turn   | Place    | Note
-------+----------+-------------------------------------------
     0 | D:1      | nickcage the Minotaur Gladiator began the quest for the
                  | Orb.
     0 | D:1      | Reached XP level 1. HP: 18/18 MP: 0/0
   354 | D:1      | Reached skill level 4 in Maces & Flails
   434 | D:1      | Found a faded altar of an unknown god.
   485 | D:1      | Reached XP level 2. HP: 18/25 MP: 1/1
  1195 | D:2      | Reached skill level 5 in Maces & Flails
  1310 | D:2      | Reached XP level 3. HP: 30/30 MP: 2/2
  2046 | D:3      | Identified the +6 scale mail of Idat {Will+ Int+2 Slay+2}
  2083 | D:3      | Found a white marble altar of Elyvilon.
  2139 | D:3      | Noticed Terence
  2145 | D:3      | Killed Terence
  2146 | D:3      | Reached skill level 6 in Maces & Flails
  2146 | D:3      | Reached XP level 4. HP: 24/37 MP: 3/3
  2519 | D:4      | Noticed Natasha
  2525 | D:4      | Killed Natasha
  2556 | D:4      | Noticed Natasha
  2560 | D:4      | Killed Natasha
  2561 | D:4      | Reached XP level 5. HP: 37/42 MP: 4/4
  2605 | D:4      | Noticed Natasha
  2611 | D:4      | Killed Natasha
  2612 | D:4      | Reached skill level 7 in Maces & Flails
  2702 | D:4      | Noticed Menkaure
  2708 | D:4      | Killed Menkaure
  2709 | D:4      | Reached skill level 8 in Maces & Flails
  2709 | D:4      | Reached XP level 6. HP: 50/50 MP: 5/5
  2720 | D:4      | Noticed Pikel
  2913 | D:4      | Killed Pikel
  2914 | D:4      | Reached skill level 10 in Maces & Flails
  2914 | D:4      | Reached XP level 7. HP: 29/56 MP: 6/6
  3094 | D:4      | Noticed Robin
  3115 | D:4      | Killed Robin
  3365 | D:4      | Found a runed translucent door.
  3366 | D:4      | Noticed Crazy Yiuf
  3371 | D:4      | Killed Crazy Yiuf
  3495 | D:5      | Entered Level 5 of the Dungeon
  3558 | D:5      | Reached skill level 11 in Maces & Flails
  3588 | D:5      | Noticed Blork the orc
  3601 | D:5      | Killed Blork the orc
  3602 | D:5      | Reached skill level 1 in Shields
  3718 | D:5      | Noticed Prince Ribbit
  3725 | D:5      | Killed Prince Ribbit
  3726 | D:5      | Reached XP level 8. HP: 62/62 MP: 7/7
  3776 | D:5      | Noticed a two-headed ogre
  3785 | D:5      | Killed a two-headed ogre
  3786 | D:5      | Reached skill level 13 in Maces & Flails
  3993 | D:5      | Noticed Grinder
  4005 | D:5      | Paralysed by Grinder for 3 turns
  4016 | D:5      | Killed Grinder
  4017 | D:5      | Reached skill level 14 in Maces & Flails
  4017 | D:5      | Reached XP level 9. HP: 52/71 MP: 8/8
  4328 | D:6      | Found a burning altar of Makhleb.
  4608 | D:6      | Reached skill level 15 in Maces & Flails
  4885 | D:6      | Reached skill level 5 in Fighting
  5268 | D:7      | Reached skill level 1 in Armour
  5327 | D:7      | Found a staircase to the Ecumenical Temple.
  5336 | Temple   | Entered the Ecumenical Temple
  5871 | D:7      | Found Raumneg's Book Emporium.
  6307 | D:8      | Identified the +11 demon whip "nickcage's Regret" {drain,
                  | Int+4}
  6359 | D:8      | Reached XP level 10. HP: 83/83 MP: 9/9
  6363 | D:8      | Noticed a boulder beetle
  6372 | D:8      | Killed a boulder beetle
  6435 | D:8      | Noticed a boulder beetle
  6456 | D:8      | Killed a boulder beetle
  6457 | D:8      | Reached skill level 16 in Maces & Flails
  6457 | D:8      | Reached skill level 5 in Armour
  6571 | D:8      | Found a stormy altar of Qazlal.
  7008 | D:9      | You fall into a shaft and drop 1 floor!
  7008 | D:10     | Entered Level 10 of the Dungeon
  7075 | D:9      | Noticed a tengu warrior
  7114 | D:9      | Killed a tengu warrior
  7283 | D:9      | Found an iron altar of Okawaru.
  7283 | D:9      | Found a sacrificial altar of Ru.
  7291 | D:9      | Found a shimmering blue altar of Sif Muna.
  7293 | D:9      | Found a faded altar of an unknown god.
  7295 | D:9      | Found a sparkling altar of Nemelex Xobeh.
  7295 | D:9      | Noticed a two-headed ogre
  7301 | D:9      | Killed a two-headed ogre
  7302 | D:9      | Reached XP level 11. HP: 97/97 MP: 10/10
  7632 | D:9      | Found a runed translucent door.
  7632 | D:9      | Noticed QueenGhuleh's ghost (novice MiBe)
  7800 | D:9      | Found a hazy altar of Hepliaklqana.
  8053 | D:10     | Found a shadowy altar of Dithmenos.
  8173 | D:10     | Reached skill level 10 in Fighting
  8684 | D:10     | Found a shimmering altar of Xom.
  8686 | D:10     | Found a hide-covered altar of Uskayaw.
  8686 | D:10     | Found a white marble altar of Elyvilon.
  8688 | D:10     | Found an opulent altar of Gozag.
  8688 | D:10     | Found an ancient bone altar of Kikubaaqudgha.
  8688 | D:10     | Found a shimmering altar of Xom.
  8796 | D:10     | Found a large runed translucent door.
  8799 | D:10     | Found a large runed translucent door.
  8837 | D:10     | Got the Atlas of the Tesseract
  9106 | D:11     | Found a staircase to the Orcish Mines.
  9504 | D:11     | Found a runed translucent door.
  9504 | D:11     | Noticed a +0 demon blade of draining
  9504 | D:11     | Noticed a +1 demon trident of pain
  9506 | D:11     | Noticed a +2 vampiric demon whip
  9527 | D:11     | Found Qucku's Book Shop.
  9578 | D:11     | Noticed a boulder beetle
  9650 | D:11     | Killed a boulder beetle
  9651 | D:11     | Reached skill level 10 in Armour
  9708 | D:11     | Noticed a purple ugly thing
  9719 | D:11     | Killed a purple ugly thing
  9720 | D:11     | Reached skill level 17 in Maces & Flails
  9781 | D:11     | Found a staircase to the Lair.
  9817 | D:11     | Noticed a skeletal warrior
 10275 | D:11     | Noticed a four-headed hydra
 10292 | D:11     | Found the +0 mask of the Dragon {Will+ Slay+3 SInv}
 10640 | D:11     | Killed a four-headed hydra
 10641 | D:11     | Reached XP level 12. HP: 88/111 MP: 11/11
 10771 | D:11     | Identified the +1 leather armour of Curiosity {Will++}
 10922 | D:11     | Noticed a five-headed hydra
 10931 | D:11     | Killed a five-headed hydra
 10941 | D:11     | Identified the amulet "Deoc" {Acrobat rN+ Str+4}
 11373 | Temple   | Became a worshipper of the Shining One
 11378 | Temple   | Fell from the grace of the Shining One
 11378 | Temple   | Became a worshipper of Zin the Law-Giver
 11378 | Temple   | Reached * piety under Zin
 11378 | Temple   | Reached ** piety under Zin
 11393 | Temple   | Fell from the grace of Zin
 11393 | Temple   | Became a worshipper of the Wu Jian Council
 11547 | Lair:1   | Entered Level 1 of the Lair of Beasts
 11674 | Lair:1   | Noticed a six-headed hydra
 11679 | Lair:1   | Killed a six-headed hydra
 11757 | Lair:1   | Identified the +5 double sword "Russ" {flame, Str+3 Dex+4}
 12590 | Lair:2   | Noticed a seven-headed hydra
 12593 | Lair:2   | Killed a seven-headed hydra
 12692 | Lair:2   | Reached * piety under Wu Jian
 12968 | Lair:2   | Found a hole to the Spider Nest.
 13146 | Lair:3   | Noticed Josephine
 13255 | Lair:3   | Killed Josephine
 13256 | Lair:3   | Reached XP level 13. HP: 91/120 MP: 12/12
 13402 | Lair:3   | Noticed Fannar
 13422 | Lair:3   | Killed Fannar
 13900 | Lair:3   | Reached skill level 18 in Maces & Flails
 13910 | Lair:3   | Reached skill level 15 in Fighting
 13982 | Lair:3   | Reached ** piety under Wu Jian
 14225 | Lair:3   | Found a staircase to the Swamp.
 14872 | Lair:4   | Reached skill level 5 in Shields
 15500 | Lair:5   | Entered Level 5 of the Lair of Beasts
 15522 | Lair:5   | Reached *** piety under Wu Jian
 15832 | Lair:5   | Noticed a dire elephant
 15832 | Lair:5   | Noticed a dire elephant
 15833 | Lair:5   | Found the +3 pair of gauntlets of War {Slay+5}
 15842 | Lair:5   | Reached XP level 14. HP: 138/138 MP: 13/13
 16555 | Lair:5   | Found a runed translucent door.
 16556 | Lair:5   | Noticed an acid blob
 16623 | Lair:5   | Reached **** piety under Wu Jian
 17330 | Lair:5   | Found a staircase to the Slime Pits.
 17479 | D:12     | Reached ***** piety under Wu Jian
 17487 | D:12     | Reached skill level 15 in Armour
 18399 | D:13     | Noticed Jorgrun
 18409 | D:13     | Killed Jorgrun
 18410 | D:13     | Reached skill level 19 in Maces & Flails
 18920 | Orc:1    | Entered Level 1 of the Orcish Mines
 19090 | Orc:1    | Reached skill level 10 in Shields
 19465 | Orc:2    | Entered Level 2 of the Orcish Mines
 19592 | Orc:2    | Reached XP level 15. HP: 123/149 MP: 14/14
 19732 | Orc:2    | Reached ****** piety under Wu Jian
 19978 | Orc:2    | Found a staircase to the Elven Halls.
 20801 | Orc:2    | Found Jedaqupt's Distillery.
 20801 | Orc:2    | Found Mohacha's Armour Emporium.
 20803 | Orc:2    | Found Duckynof's Antique Armour Emporium.
 20803 | Orc:2    | Found Lesiedd's Book Boutique.
 20815 | Orc:2    | Bought a potion of heal wounds for 65 gold pieces
 20815 | Orc:2    | Bought a potion of might for 52 gold pieces
 21096 | Elf:1    | Entered Level 1 of the Elven Halls
 21097 | Elf:1    | Upgraded the game from 0.30-a0-23-ge60ba3568b to
                  | 0.30-a0-40-gc6d0f036a7
 21148 | Elf:1    | Paralysed by an air elemental for 1 turns
 21208 | Elf:1    | Found a crumbling gateway.
 21305 | Desolati | Entered the Desolation of Salt
 21874 | Desolati | Noticed an imperial myrmidon
 21883 | Desolati | Killed an imperial myrmidon
 22116 | Desolati | Identified the ring "Wece" {rF+ rC+ MP+9 Int-5}
 22334 | Desolati | Noticed an imperial myrmidon
 22349 | Desolati | Killed an imperial myrmidon
 22452 | Desolati | Found the +1 cloak of Starlight {*Dazzle EV+4 Stlth--}
 23138 | Desolati | Noticed an imperial myrmidon
 23158 | Desolati | Killed an imperial myrmidon
 23159 | Desolati | Reached XP level 16. HP: 146/157 MP: 15/15
 23324 | Desolati | Identified the ring "Xoefe" {rPois rF- rC+ AC+4 Str+2}
 23363 | Desolati | Reached skill level 20 in Maces & Flails
 23438 | Desolati | Reached skill level 15 in Shields
 24419 | Elf:1    | Reached skill level 1 in Evocations
 24420 | Abyss:3  | Cast into level 3 of the Abyss (a deep elf sorcerer)
 24708 | Abyss:3  | Noticed a tentacled starspawn
 24719 | Abyss:3  | Killed a tentacled starspawn
 24739 | Abyss:3  | Found a corrupted altar of Lugonu.
 24777 | Abyss:3  | Gained mutation: You are clumsy. (Dex -2) [a neqoxec]
 24841 | Elf:1    | Escaped the Abyss
 24848 | Elf:1    | Noticed Nikola
 24853 | Elf:1    | Killed from afar by a deep elf zephyrmancer

Illustrated notes

Levels and vault maps discovered:
D:1:      tarquinn_simple_flora_water_e, layout_basic,
          shapermc_ecumenical_altar_petra
D:2:      layout_basic, minmay_cupped
D:3:      layout_rooms, elyvilon_altar_3, uniq_terence
D:4:      layout_cave_pools, uniq_pikel, uniq_natasha, uniq_crazy_yiuf_cottage,
          uniq_robin, uniq_menkaure
D:5:      layout_gridville, uniq_blork_the_orc, uniq_grinder,
          uniq_prince_ribbit1
D:6:      kennysheep_steamy, layout_loops_corners, makhleb_altar_promises_db
D:7:      layout_loops_corners, minmay_temple_entry_glass, serial_shops, shop,
          chequers_jeans
D:8:      minmay_chambers_of_sixes, layout_cave_pools,
          nicolae_qazlal_general_emergency, kennysheep_generic_room_16
D:9:      hellmonk_ruined_rings, layout_loops_ring,
          worldfamousw_hep_ancestral_shrine,
          chequers_temple_overflow_minitemple, hellmonk_ghost_happy_afterlife
D:10:     layout_layer_cave, doesnt_xom_only_xom, mainiacjoe_overflow_brackets,
          jmf_multi_god_temple2
D:11:     minmay_tri_box, layout_rooms, david_lair_shrubbed, david_orc_3,
          serial_shops, shop, nicolae_danse_macabre
D:12:     layout_layer_cave
D:13:     layout_rooms, david_defended_altar_orc, uniq_jorgrun
Temple:   cyrus_temple_forest
Lair:1:   layout_small_grid, chequers_serial_rivers_micro_c,
          chequers_serial_rivers_micro_b, beast_lair_carwin_10
Lair:2:   layout_long_grid, spider_nest_entry_webs, grunt_megastairs_1
Lair:3:   layout_chaotic_city, palyth_hydra_swamp_entry, uniq_josephine,
          uniq_fannar
Lair:4:   layout_gridlike
Lair:5:   due_jungle_book, layout_gridlike, slime_entry_2, grunt_megastairs_4,
          lemuel_fruit_tree
Orc:1:    layout_diamond_mine, nicolae_orc_lava_tube
Orc:2:    grunt_orc_tribal_feast, layout_diamond_mine, nooodl_orcs_dogs
Elf:1:    minmay_elf_arrival_summoners, layout_loops_ring,
          portal_desolation_entry_nicolae_nacl, minmay_elf_annihilation,
          minivault_25_ag, uniq_nikola

Skill      XL: |  1  2  3  4  5  6  7  8  9 10 11 12 13 14 15 16 |
---------------+-------------------------------------------------+-----
Maces & Flails | 4 5 6 8 10 11 14 15 16 17 18 19 20 | 20.3
Shields        | 1 6 10 14 16 | 16.4
Fighting       | 4 6 9 12 14 16 17 18 | 18.1
Armour         | 3 7 10 13 14 15 16 17 | 17.2
Evocations     | 2 |  2.1
Throwing       | |  2.0
Dodging        | |  3.2

Action                   |  1- 3 |  4- 6 |  7- 9 | 10-12 | 13-15 | 16-18 || total
-------------------------+-------+-------+-------+-------+-------+-------++-------
Melee: Flail             |    84 |    43 |   235 |       |       |       ||   362
       Headbutt          |    11 |     6 |    43 |    94 |   297 |    58 ||   509
       Punch             |       |       |     4 |     5 |       |       ||     9
       Demon whip        |       |       |    10 |   395 |  1230 |   234 ||  1869
Throw: Boomerang         |       |     8 |     4 |     4 |       |       ||    16
       Dart              |       |       |       |    18 |     2 |       ||    20
Invok: Lunge             |       |       |       |    12 |    67 |    21 ||   100
       Whirlwind         |       |       |       |       |    22 |     4 ||    26
       Heavenly Storm    |       |       |       |       |     1 |     1 ||     2
Evoke: Wand              |       |       |     1 |       |       |       ||     1
  Use: Scroll            |       |       |       |    27 |     6 |     3 ||    36
       Potion            |       |       |       |       |     3 |     1 ||     4
Armor: Leather armour    |    14 |       |       |       |       |       ||    14
       Plate armour      |    20 |       |       |       |       |       ||    20
       Scale mail        |     3 |    10 |     8 |       |       |       ||    21
       Chain mail        |       |       |    98 |   103 |   295 |    54 ||   550
Dodge: Dodged            |    47 |    23 |    90 |   140 |   403 |    64 ||   767
Block: Other             |       |     4 |    32 |    43 |     2 |       ||    81
       Reflection        |       |       |     3 |     4 |    14 |    11 ||    32
       Kite shield       |       |       |       |       |   606 |   156 ||   762

Table legend: (Time is in decaauts)
 A = Elapsed time spent in this place.
 B = Non-inter-level travel time spent in this place.
 C = Inter-level travel time spent in this place.
 D = Time resting spent in this place.
 E = Time spent auto-exploring this place.
 F = Levels seen in this place.
 G = Mean time per level.
                   A        B        C        D        E       F      G
               +--------+--------+--------+--------+--------+-----+--------+
         Total |  24255 |  23048 |   1207 |   4562 |  14318 |  24 | 1010.6 |
       Dungeon |  12643 |  11861 |    782 |   1004 |   9390 |  13 |  972.5 |
        Temple |    180 |    102 |     78 |      0 |     63 |   1 |  180.0 |
          Lair |   5675 |   5518 |    157 |   1018 |   3590 |   5 | 1135.0 |
  Orcish Mines |   2082 |   1894 |    188 |    440 |   1088 |   2 | 1041.0 |
   Elven Halls |    950 |    950 |      0 |    426 |    186 |   1 |  950.0 |
         Abyss |    386 |    386 |      0 |    268 |      0 |   1 |  386.0 |
    Desolation |   2337 |   2337 |      0 |   1405 |      0 |   1 | 2337.0 |
               +--------+--------+--------+--------+--------+-----+--------+

Top non-repeatable levels by time:
Desolation: 2337 daAuts
    D:11: 1836 daAuts
  Lair:5: 1761 daAuts
    D:10: 1474 daAuts
   Orc:2: 1433 daAuts
  Lair:3: 1321 daAuts
     D:1: 1193 daAuts
     D:6: 1046 daAuts
     D:9: 1018 daAuts
     D:4: 958 daAuts
   Elf:1: 950 daAuts
  Lair:1: 936 daAuts
  Lair:4: 895 daAuts
     D:7: 831 daAuts
     D:8: 831 daAuts
